Workbook

Sheet Lista de Precios
B1: SOCIEDAD VAJILLAS AGUALEF LTDA | D1: RUT 76.484.352-5 | G1: DIRECCIÓN AV FRANCISCO SALAZAR 850 | H1: VAJILLASAGUAYO@GMAIL.COM
D2: CLIENTE | G2: LISTA DE PRECIOS 2026
G3: RUT :
G4: TELÉFONO:
G5: OCUPA FECHA
G6: FECHA DE DEVOLUCIÓN/RETIRO
B7: Cant. | C7: Detalle | D7: Valor unidad | E7: Valor total | F7: Cant. | G7: Detalle | H7: Valor unidad | I7: Valor total
C8: Plato Base Cuadrado 32cm☐ | D8: 200 | E8: =B8*D8 -> 0 | G8: Thermo 2L | H8: 3500 | I8: =H8*F8 -> 0
C9: Plato Principal Cuadrado 27cm☐ | D9: 150 | E9: =B9*D9 -> 0 | G9: Percolador eléctrico 16 Litros | H9: 20000 | I9: =H9*F9 -> 0
C10: Plato Postre Cuadrado 25cm☐ | D10: 140 | E10: =B10*D10 -> 0 | G10: Percolador eléctrico 10 Litros | H10: 15000 | I10: =H10*F10 -> 0
C11: Plato Entrada/torta Cuadrado 19cm☐ | D11: 140 | E11: =B11*D11 -> 0 | G11: Hervidor 10 litros | H11: 15000 | I11: =H11*F11 -> 0
C12: Plato Pan Cuadrado 14cm☐ | D12: 120 | E12: =B12*D12 -> 0 | G12: Panera mimbre | H12: 500 | I12: =H12*F12 -> 0
C13: Plato Base Redondo 32cmØ | D13: 200 | E13: =B13*D13 -> 0 | G13: Bowl redondo Loza Wolfen 23cmØ | H13: 1700 | I13: =H13*F13 -> 0
C14: Plato Principal Redondo 27cmØ | D14: 100 | E14: =B14*D14 -> 0 | G14: Bowl cuadrado Loza Wolfen 24x24cm | H14: 1700 | I14: =H15*F14 -> 0
C15: Plato Entrada/torta Redondo 19cmØ | D15: 100 | E15: =B15*D15 -> 0 | G15: Bandeja loza ovalada 34x25cm | H15: 700 | I15: =H16*F15 -> 0
C16: Plato Pan/servilleta Redondo 15cmØ | D16: 100 | E16: =B16*D16 -> 0 | G16: Bandeja loza rect. Mediana 40x23cm | H16: 1000 | I16: =H17*F16 -> 0
C17: Plato Hondo Redondo Pasta 29cmØ | D17: 250 | E17: =B17*D17 -> 0 | G17: Bandeja loza rect. Grande | H17: 1300 | I17: =H18*F17 -> 0
C18: Plato Sushi Rectangular 30x12cm☐ | D18: 400 | E18: =B18*D18 -> 0 | G18: Asadera de loza 35x25cm | H18: 1500 | I18: =H19*F18 -> 0
C19: Individual Yute 38cmØ | D19: 450 | E19: =B19*D19 -> 0 | G19: Bandeja garzón antideslizante 46cmØ | H19: 700 | I19: =H19*F19 -> 0
C20: Plato Base Dorado 32cmØ | D20: 450 | E20: =B20*D20 -> 0 | G20: Jarrita de loza 120ml | H20: 500 | I20: =H20*F20 -> 0
C21: Compotera Loza chica 9.5cmØ x 4.5cm alto | D21: 150 | E21: =B21*D21 -> 0 | G21: Taza consomé 230ml | H21: 120 | I21: =H21*F21 -> 0
C22: Compotera Loza grande 11cmØ x 5.5cm alto | D22: 200 | E22: =B22*D22 -> 0 | G22: Taza café c/platillo 100ml | H22: 150 | I22: =H22*F22 -> 0
C23: Tenaza Ensalada | D23: 300 | E23: =B23*D23 -> 0 | G23: Taza té c/ platillo 210ml | H23: 150 | I23: =H23*F23 -> 0
C24: Cuchara Ensalada | D24: 300 | E24: =B24*D24 -> 0 | G24: Mantel redondo blanco | H24: 3300 | I24: =H24*F24 -> 0
C25: Cuchara Loza/acero cóctel | D25: 120 | E25: =B25*D25 -> 0 | G25: Mantel redondo negro | H25: 3500 | I25: =H25*F25 -> 0
C26: Cuchillo Carne Wolfen | D26: 150 | E26: =B26*D26 -> 0 | G26: Faldín blanco/negro 6m | H26: 6000 | I26: =H26*F26 -> 0
C27: Cuchillo Principal Wolfen | D27: 120 | E27: =B27*D27 -> 0 | G27: Mantel rect. Negro 4x2.2m | H27: 3500 | I27: =H27*F27 -> 0
C28: Tenedor Principal Wolfen | D28: 120 | E28: =B28*D28 -> 0 | G28: Mantel rect. Blanco 4x2.2m | H28: 3500 | I28: =H28*F28 -> 0
C29: Tenedor Entrada Wolfen | D29: 120 | E29: =B29*D29 -> 0 | G29: Mantel rect 1.5x3m Blanco/Negro | H29: 3500 | I29: =H29*F29 -> 0
C30: Cuchillo Entrada Wolfen | D30: 120 | E30: =B30*D30 -> 0 | G30: Mantel spandex rect. Blanco/Negro | H30: 3500 | I30: =H30*F30 -> 0
... C36: Cuchara Café Wolfen | D36: 120 | E36: =B36*D36 -> 0 | G36: Mantel spandex Alto Negro/Blanco | H36: 3500 | I36: =H36*F36 -> 0
C37: Cuchillo Mantequilla Wolfen | D37: 120 | E37: =D37*B37 -> 0 | G37: Carpeta colores 150x150cm | H37: 2100 | I37: =H37*F37 -> 0
C38: Tenedor Torta Wolfen | D38: 120 | E38: =B38*D38 -> 0 | G38: Lazo para silla (COLORES) | H38: 300 | I38: =H38*F38 -> 0
C39: Cuchara Principal Sopera Wolfen | D39: 120 | E39: =B39*D39 -> 0 | G39: Cenicero loza | H39: 500 | I39: =H39*F39 -> 0
C40: Copa Vino blanco Libbey 360ml | D40: 130 | E40: =B40*D40 -> 0 | G40: Salero/pimentero loza | H40: 150
C41: Copa Vino tinto Libbey 480ml | D41: 130 | E41: =B41*D41 -> 0 | G41: Bowl acero inox cocina | H41: 2000 | I41: =H41*F41 -> 0
C42: Copa Agua Libbey 580ml | D42: 150 | E42: =B42*D42 -> 0 | G42: Fondo acero 50 Litros | H42: 4000 | I42: =H40*F42 -> 0
C43: Copa Flauta Libbey 190ml | D43: 130 | E43: =B43*D43 -> 0 | G43: Asadera de acero inox | H43: 2000 | I43: =H43*F43 -> 0
C44: Vaso Corto whisky 300ml | D44: 100 | E44: =B44*D44 -> 0 | G44: Salsera loza | H44: 2000 | I44: =H44*F44 -> 0
C45: Vaso Largo/Caña 300ml | D45: 100 | E45: =B45*D45 -> 0 | G45: Azucarero acero | H45: 600 | I45: =H45*F45 -> 0
C46: Copa Multiuso postre 200ml | D46: 200 | E46: =B46*D46 -> 0 | G46: Réchaud rect. grande 2 alcohol | H46: 15000 | I46: =H46*F46 -> 0
C47: Copa Martini | D47: 200 | E47: =B47*D47 -> 0 | G47: Cafetera acero 2L | H47: 2000 | I47: =H47*F47 -> 0
C48: Copas Color mesa novios | D48: 350 | E48: =B48*D48 -> 0 | G48: Silla Americana blanca | H48: 1450 | I48: =H48*F48 -> 0
C49: Copa Flauta Normandie | D49: 120 | E49: =B49*D49 -> 0 | G49: Sillas Chiavary blanca | H49: 2000 | I49: =H49*F49 -> 0
C50: Copas Blanco Normandie | D50: 120 | E50: =B50*D50 -> 0 | G50: Sillas Chiavary doradas | H50: 2200 | I50: =H50*F50 -> 0
C51: Copa Tinto Normandie 220ml | D51: 120 | E51: =B51*D51 -> 0 | G51: Sillas Crossback | H51: 3000 | I51: =H51*F51 -> 0
C52: Vaso Cafeino (Postres) 100ml | D52: 150 | E52: =B52*D52 -> 0 | G52: Silla Plegable negra | H52: 950 | I52: =H52*F52 -> 0
C53: Vaso Tequila shot 100ml | D53: 150 | E53: =B53*D53 -> 0 | G53: Cojines sillas Blancos/Negros | H53: Incluido
C54: Botella vidrio 1000ml | D54: 600 | E54: =B54*D54 -> 0 | G54: Mesa novio rect. vestida | H54: 15000 | I54: =H54*F54 -> 0
C55: Jarro vidrio 1500ml (con mango) | D55: 600 | E55: =B55*D55 -> 0 | G55: Mesa redonda 8 a 10p. 150cm Ø | H55: 2500 | I55: =H55*F55 -> 0
C56: Balde hielo acero con pinzas | D56: 1300 | E56: =B56*D56 -> 0 | G56: Mesa Cóctel alta plegable 110 X 80 | H56: 3500 | I56: =H56*F56 -> 0
C57: Pocillo Loza cuadrado 7x7Ø cm 2.5 alto | D57: 100 | E57: =B57*D57 -> 0 | G57: Mesa rectangular 150x90 cm | H57: 2000 | I57: =H57*F57 -> 0
C58: Pocillo Loza redondo 7cmØ x 2cm alto | D58: 100 | E58: =B58*D58 -> 0 | G58: Mesa rectangular 250x75cm | H58: 3000 | I58: =H58*F58 -> 0
C59: Porta torta plateado | D59: 2000 | E59: =B59*D59 -> 0 | G59: Mesa plegable rectangular 180x75cm | H59: 3500 | I59: =H59*F59 -> 0
C60: Alcuzas de loza 4 piezas | D60: 800 | E60: =B60*D60 -> 0 | G60: Mesa cuadrada 80x80 cm | H60: 1500 | I60: =H60*F60 -> 0
C61: Paleta Torta | D61: 500 | E61: =B61*D61 -> 0 | G61: Mesa rústica madera 150x150cm | H61: 10000 | I61: =H61*F61 -> 0
C62: Pocillo Sufletero grande 8cmØ. 4,5cm Alto | D62: 200 | E62: =B62*D62 -> 0 | G62: Horno semi-industrial sin gas | H62: 40000 | I62: =H62*F62 -> 0
C63: Pocillo Sufletero mediano 6,5cmØ. 4cm Alto | D63: 200 | E63: =B63*D63 -> 0 | G63: Visicoolers 220w | H63: 40000 | I63: =H63*F63 -> 0
C64: Pocillo Sufletero chico 7,5cmØ. 3cm Alto | D64: 200 | E64: =B64*D64 -> 0 | G64: Conservadora eléctrica 198L 220w | H64: 40000 | I64: =H64*F64 -> 0
C65: Hielera Cervecera | D65: 4000 | E65: =B65*D65 -> 0 | G65: Freidora 6L eléctrica 220w | H65: 15000 | I65: =H65*F65 -> 0
C66: Pancho con parrilla y asador | D66: 15000 | E66: =B66*D66 -> 0 | G66: Gas 5kg | H66: 15000 | I66: =H66*F66 -> 0
B67: =F54*2 +F55+F57+F58*2+F60 -> 0 | C67: Pernos para mesas | D67: Sin costo | G67: Pilón/Anafre doble sin gas | H67: 20000 | I67: =H67*F67 -> 0
B68: =B67 -> 0 | C68: Caballetes para mesas | D68: Sin costo | G68: Carro mantenedor de platos 220w | H68: 150000 | I68: =H68*F68 -> 0
G69: Estufa Bronce a gas | H69: 20000 | I69: =H69*F69 -> 0
B70: WWW.VAJILLASAGUAYO.COM | G70: SUBTOTAL NETO | I70: =SUM(E8:E66,I8:I69) -> 0
B71: VAJILLASAGUAYO@GMAIL.COM | G71: =IF(N(H71)>0,"DESCUENTO CLIENTE","") | I71: =IF(N(H71)>0,I70*H71,"")
B72: FONO: 45 2 342537 | WHATSAPP: +56 9 2643 3555 | G72: TRASLADO (ENTREGA Y RETIRO)
B73: • RESERVAS CON ANTICIPACIÓN. | G73: DÍAS DE ARRIENDO | I73: 1
B74: • GARANTÍA MÍNIMA DESDE $100.000 | G74: NETO | I74: =(I70-N(I71))*I73+I72 -> 0
B75: • LA VAJILLA ARRENDADA DEBE SER REPASADA ANTES DE USAR. | G75: IVA | I75: =I74*19% -> 0
B76: • EL SALDO SE CANCELA ANTES DE DESCARGAR. | G76: A PAGAR TOTAL | I76: =SUM(I74:I75) -> 0
B77: • VALORES MÁS IVA. | G77: =IF(N(I77)>0,"ABONO","")
C78: • NO SE HACEN DEVOLUCIONES DE DINERO; SOLO SE PUEDE CAMBIAR LA FECHA DEL EVENTO. | H78: =IF(N(I77)>0,"SALDO","") | I78: =IF(N(I77)>0,I76-I77,"")

Sheet Cotización Rápida
A1: SOCIEDAD VAJILLAS AGUALEF LTDA | C1: RUT 76.484.352-5 | D1: DIRECCIÓN AV FRANCISCO SALAZAR 850 | E1: VAJILLASAGUAYO@GMAIL.COM | H1: LISTA DE PRODUCTOS (referencia - no modificar) | I1: Cant. | J1: Valor | K1: 0
B2: CLIENTE | H2: ='Lista de Precios'!C8 -> Plato Base Cuadrado 32cm☐ | I2: ='Lista de Precios'!B8 -> 0 | J2: ='Lista de Precios'!D8 -> 200 | K2: =IF(N(I2)>0,MAX($K$1:K1)+1,"")
B3: =IF('Lista de Precios'!D3="","",'Lista de Precios'!D3) | D3: RUT : | E3: =IF('Lista de Precios'!H3="","",'Lista de Precios'!H3) | H3: ='Lista de Precios'!C9 -> Plato Principal Cuadrado 27cm☐ | I3: ='Lista de Precios'!B9 -> 0 | J3: ='Lista de Precios'!D9 -> 150 | K3: =IF(N(I3)>0,MAX($K$1:K2)+1,"")
D4: DIRECCIÓN | H4: ='Lista de Precios'!C10 -> Plato Postre Cuadrado 25cm☐ | I4: ='Lista de Precios'!B10 -> 0 | J4: ='Lista de Precios'!D10 -> 140 | K4: =IF(N(I4)>0,MAX($K$1:K3)+1,"")
D5: OCUPA FECHA | E5: =IF('Lista de Precios'!H5="","",'Lista de Precios'!H5) | H5: ='Lista de Precios'!C11 -> Plato Entrada/torta Cuadrado 19cm☐ | I5: ='Lista de Precios'!B11 -> 0 | J5: ='Lista de Precios'!D11 -> 140 | K5: =IF(N(I5)>0,MAX($K$1:K4)+1,"")
D6: FECHA DE DEVOLUCIÓN/RETIRO | E6: =IF('Lista de Precios'!H6="","",'Lista de Precios'!H6) | H6: ='Lista de Precios'!C12 -> Plato Pan Cuadrado 14cm☐ | I6: ='Lista de Precios'!B12 -> 0 | J6: ='Lista de Precios'!D12 -> 120 | K6: =IF(N(I6)>0,MAX($K$1:K5)+1,"")
A7: Cantidad | B7: Detalle | C7: Valor unidad Neto | D7: Días de Uso | E7: DIAS | F7: Valor total | H7: ='Lista de Precios'!C13 -> Plato Base Redondo 32cmØ | I7: ='Lista de Precios'!B13 -> 0 | J7: ='Lista de Precios'!D13 -> 200 | K7: =IF(N(I7)>0,MAX($K$1:K6)+1,"")
A8: =IFERROR(INDEX($I$2:$I$124,MATCH(ROW()-7,$K$2:$K$124,0)),"") | B8: =IFERROR(INDEX($H$2:$H$124,MATCH(ROW()-7,$K$2:$K$124,0)),"") | C8: =IFERROR(INDEX($J$2:$J$124,MATCH(ROW()-7,$K$2:$K$124,0)),"") | E8: ='Lista de Precios'!$I$73 -> 1 | F8: =IF($A8="","",IFERROR($A8*$C8*MAX(1,N($E8)),0)) | H8: ='Lista de Precios'!C14 -> Plato Principal Redondo 27cmØ | I8: ='Lista de Precios'!B14 -> 0 | J8: ='Lista de Precios'!D14 -> 100 | K8: =IF(N(I8)>0,MAX($K$1:K7)+1,"")
A9: =IFERROR(INDEX($I$2:$I$124,MATCH(ROW()-7,$K$2:$K$124,0)),"") | B9: =IFERROR(INDEX($H$2:$H$124,MATCH(ROW()-7,$K$2:$K$124,0)),"") | C9: =IFERROR(INDEX($J$2:$J$124,MATCH(ROW()-7,$K$2:$K$124,0)),"") | E9: ='Lista de Precios'!$I$73 -> 1 | F9: =IF($A9="","",IFERROR($A9*$C9*MAX(1,N($E9)),0)) | H9: ='Lista de Precios'!C15 -> Plato Entrada/torta Redondo 19cmØ | I9: ='Lista de Precios'!B15 -> 0 | J9: ='Lista de Precios'!D15 -> 100 | K9: =IF(N(I9)>0,MAX($K$1:K8)+1,"")
A10: =IFERROR(INDEX($I$2:$I$124,MATCH(ROW()-7,$K$2:$K$124,0)),"") | B10: =IFERROR(INDEX($H$2:$H$124,MATCH(ROW()-7,$K$2:$K$124,0)),"") | C10: =IFERROR(INDEX($J$2:$J$124,MATCH(ROW()-7,$K$2:$K$124,0)),"") | E10: ='Lista de Precios'!$I$73 -> 1 | F10: =IF($A10="","",IFERROR($A10*$C10*MAX(1,N($E10)),0)) | H10: ='Lista de Precios'!C16 -> Plato Pan/servilleta Redondo 15cmØ | I10: ='Lista de Precios'!B16 -> 0 | J10: ='Lista de Precios'!D16 -> 100 | K10: =IF(N(I10)>0,MAX($K$1:K9)+1,"")
A11: =IFERROR(INDEX($I$2:$I$124,MATCH(ROW()-7,$K$2:$K$124,0)),"") | B11: =IFERROR(INDEX($H$2:$H$124,MATCH(ROW()-7,$K$2:$K$124,0)),"") | C11: =IFERROR(INDEX($J$2:$J$124,MATCH(ROW()-7,$K$2:$K$124,0)),"") | E11: ='Lista de Precios'!$I$73 -> 1 | F11: =IF($A11="","",IFERROR($A11*$C11*MAX(1,N($E11)),0)) | H11: ='Lista de Precios'!C17 -> Plato Hondo Redondo Pasta 29cmØ | I11: ='Lista de Precios'!B17 -> 0 | J11: ='Lista de Precios'!D17 -> 250 | K11: =IF(N(I11)>0,MAX($K$1:K10)+1,"")
A12: =IFERROR(INDEX($I$2:$I$124,MATCH(ROW()-7,$K$2:$K$124,0)),"") | B12: =IFERROR(INDEX($H$2:$H$124,MATCH(ROW()-7,$K$2:$K$124,0)),"") | C12: =IFERROR(INDEX($J$2:$J$124,MATCH(ROW()-7,$K$2:$K$124,0)),"") | E12: ='Lista de Precios'!$I$73 -> 1 | F12: =IF($A12="","",IFERROR($A12*$C12*MAX(1,N($E12)),0)) | H12: ='Lista de Precios'!C18 -> Plato Sushi Rectangular 30x12cm☐ | I12: ='Lista de Precios'!B18 -> 0 | J12: ='Lista de Precios'!D18 -> 400 | K12: =IF(N(I12)>0,MAX($K$1:K11)+1,"")
A13: =IFERROR(INDEX($I$2:$I$124,MATCH(ROW()-7,$K$2:$K$124,0)),"") | B13: =IFERROR(INDEX($H$2:$H$124,MATCH(ROW()-7,$K$2:$K$124,0)),"") | C13: =IFERROR(INDEX($J$2:$J$124,MATCH(ROW()-7,$K$2:$K$124,0)),"") | E13: ='Lista de Precios'!$I$73 -> 1 | F13: =IF($A13="","",IFERROR($A13*$C13*MAX(1,N($E13)),0)) | H13: ='Lista de Precios'!C19 -> Individual Yute 38cmØ | I13: ='Lista de Precios'!B19 -> 0 | J13: ='Lista de Precios'!D19 -> 450 | K13: =IF(N(I13)>0,MAX($K$1:K12)+1,"")
A14: =IFERROR(INDEX($I$2:$I$124,MATCH(ROW()-7,$K$2:$K$124,0)),"") | B14: =IFERROR(INDEX($H$2:$H$124,MATCH(ROW()-7,$K$2:$K$124,0)),"") | C14: =IFERROR(INDEX($J$2:$J$124,MATCH(ROW()-7,$K$2:$K$124,0)),"") | E14: ='Lista de Precios'!$I$73 -> 1 | F14: =IF($A14="","",IFERROR($A14*$C14*MAX(1,N($E14)),0)) | H14: ='Lista de Precios'!C20 -> Plato Base Dorado 32cmØ | I14: ='Lista de Precios'!B20 -> 0 | J14: ='Lista de Precios'!D20 -> 450 | K14: =IF(N(I14)>0,MAX($K$1:K13)+1,"")
A15: =IFERROR(INDEX($I$2:$I$124,MATCH(ROW()-7,$K$2:$K$124,0)),"") | B15: =IFERROR(INDEX($H$2:$H$124,MATCH(ROW()-7,$K$2:$K$124,0)),"") | C15: =IFERROR(INDEX($J$2:$J$124,MATCH(ROW()-7,$K$2:$K$124,0)),"") | E15: ='Lista de Precios'!$I$73 -> 1 | F15: =IF($A15="","",IFERROR($A15*$C15*MAX(1,N($E15)),0)) | H15: ='Lista de Precios'!C21 -> Compotera Loza chica 9.5cmØ x 4.5cm alto | I15: ='Lista de Precios'!B21 -> 0 | J15: ='Lista de Precios'!D21 -> 150 | K15: =IF(N(I15)>0,MAX($K$1:K14)+1,"")
A16: =IFERROR(INDEX($I$2:$I$124,MATCH(ROW()-7,$K$2:$K$124,0)),"") | B16: =IFERROR(INDEX($H$2:$H$124,MATCH(ROW()-7,$K$2:$K$124,0)),"") | C16: =IFERROR(INDEX($J$2:$J$124,MATCH(ROW()-7,$K$2:$K$124,0)),"") | E16: ='Lista de Precios'!$I$73 -> 1 | F16: =IF($A16="","",IFERROR($A16*$C16*MAX(1,N($E16)),0)) | H16: ='Lista de Precios'!C22 -> Compotera Loza grande 11cmØ x 5.5cm alto | I16: ='Lista de Precios'!B22 -> 0 | J16: ='Lista de Precios'!D22 -> 200 | K16: =IF(N(I16)>0,MAX($K$1:K15)+1,"")
A17: =IFERROR(INDEX($I$2:$I$124,MATCH(ROW()-7,$K$2:$K$124,0)),"") | B17: =IFERROR(INDEX($H$2:$H$124,MATCH(ROW()-7,$K$2:$K$124,0)),"") | C17: =IFERROR(INDEX($J$2:$J$124,MATCH(ROW()-7,$K$2:$K$124,0)),"") | E17: ='Lista de Precios'!$I$73 -> 1 | F17: =IF($A17="","",IFERROR($A17*$C17*MAX(1,N($E17)),0)) | H17: ='Lista de Precios'!C23 -> Tenaza Ensalada | I17: ='Lista de Precios'!B23 -> 0 | J17: ='Lista de Precios'!D23 -> 300 | K17: =IF(N(I17)>0,MAX($K$1:K16)+1,"")
A18: =IFERROR(INDEX($I$2:$I$124,MATCH(ROW()-7,$K$2:$K$124,0)),"") | B18: =IFERROR(INDEX($H$2:$H$124,MATCH(ROW()-7,$K$2:$K$124,0)),"") | C18: =IFERROR(INDEX($J$2:$J$124,MATCH(ROW()-7,$K$2:$K$124,0)),"") | E18: ='Lista de Precios'!$I$73 -> 1 | F18: =IF($A18="","",IFERROR($A18*$C18*MAX(1,N($E18)),0)) | H18: ='Lista de Precios'!C24 -> Cuchara Ensalada | I18: ='Lista de Precios'!B24 -> 0 | J18: ='Lista de Precios'!D24 -> 300 | K18: =IF(N(I18)>0,MAX($K$1:K17)+1,"")
A19: =IFERROR(INDEX($I$2:$I$124,MATCH(ROW()-7,$K$2:$K$124,0)),"") | B19: =IFERROR(INDEX($H$2:$H$124,MATCH(ROW()-7,$K$2:$K$124,0)),"") | C19: =IFERROR(INDEX($J$2:$J$124,MATCH(ROW()-7,$K$2:$K$124,0)),"") | E19: ='Lista de Precios'!$I$73 -> 1 | F19: =IF($A19="","",IFERROR($A19*$C19*MAX(1,N($E19)),0)) | H19: ='Lista de Precios'!C25 -> Cuchara Loza/acero cóctel | I19: ='Lista de Precios'!B25 -> 0 | J19: ='Lista de Precios'!D25 -> 120 | K19: =IF(N(I19)>0,MAX($K$1:K18)+1,"")
A20: SERVICIOS ADICIONALES | H20: ='Lista de Precios'!C26 -> Cuchillo Carne Wolfen | I20: ='Lista de Precios'!B26 -> 0 | J20: ='Lista de Precios'!D26 -> 150 | K20: =IF(N(I20)>0,MAX($K$1:K19)+1,"")
F21: =IF($A21="",IF($C21="","",$C21*MAX(1,N($E21))),$A21*N($C21)*MAX(1,N($E21))) | H21: ='Lista de Precios'!C27 -> Cuchillo Principal Wolfen | I21: ='Lista de Precios'!B27 -> 0 | J21: ='Lista de Precios'!D27 -> 120 | K21: =IF(N(I21)>0,MAX($K$1:K20)+1,"")
F22: =IF($A22="",IF($C22="","",$C22*MAX(1,N($E22))),$A22*N($C22)*MAX(1,N($E22))) | H22: ='Lista de Precios'!C28 -> Tenedor Principal Wolfen | I22: ='Lista de Precios'!B28 -> 0 | J22: ='Lista de Precios'!D28 -> 120 | K22: =IF(N(I22)>0,MAX($K$1:K21)+1,"")
F23: =IF($A23="",IF($C23="","",$C23*MAX(1,N($E23))),$A23*N($C23)*MAX(1,N($E23))) | H23: ='Lista de Precios'!C29 -> Tenedor Entrada Wolfen | I23: ='Lista de Precios'!B29 -> 0 | J23: ='Lista de Precios'!D29 -> 120 | K23: =IF(N(I23)>0,MAX($K$1:K22)+1,"")
F24: =IF($A24="",IF($C24="","",$C24*MAX(1,N($E24))),$A24*N($C24)*MAX(1,N($E24))) | H24: ='Lista de Precios'!C30 -> Cuchillo Entrada Wolfen | I24: ='Lista de Precios'!B30 -> 0 | J24: ='Lista de Precios'!D30 -> 120 | K24: =IF(N(I24)>0,MAX($K$1:K23)+1,"")
F25: =IF($A25="",IF($C25="","",$C25*MAX(1,N($E25))),$A25*N($C25)*MAX(1,N($E25))) | H25: ='Lista de Precios'!C31 -> Tenedor Postre Wolfen | I25: ='Lista de Precios'!B31 -> 0 | J25: ='Lista de Precios'!D31 -> 120 | K25: =IF(N(I25)>0,MAX($K$1:K24)+1,"")
F26: =IF($A26="",IF($C26="","",$C26*MAX(1,N($E26))),$A26*N($C26)*MAX(1,N($E26))) | H26: ='Lista de Precios'!C32 -> Cuchara Postre Wolfen | I26: ='Lista de Precios'!B32 -> 0 | J26: ='Lista de Precios'!D32 -> 120 | K26: =IF(N(I26)>0,MAX($K$1:K25)+1,"")
A27: Nota: | H27: ='Lista de Precios'!C33 -> Cuchillo Pescado Wolfen | I27: ='Lista de Precios'!B33 -> 0 | J27: ='Lista de Precios'!D33 -> 120 | K27: =IF(N(I27)>0,MAX($K$1:K26)+1,"")
H28: ='Lista de Precios'!C34 -> Tenedor Pescado Wolfen | I28: ='Lista de Precios'!B34 -> 0 | J28: ='Lista de Precios'!D34 -> 120 | K28: =IF(N(I28)>0,MAX($K$1:K27)+1,"")
H29: ='Lista de Precios'!C35 -> Cuchara Té Wolfen | I29: ='Lista de Precios'!B35 -> 0 | J29: ='Lista de Precios'!D35 -> 120 | K29: =IF(N(I29)>0,MAX($K$1:K28)+1,"")
H30: ='Lista de Precios'!C36 -> Cuchara Café Wolfen | I30: ='Lista de Precios'!B36 -> 0 | J30: ='Lista de Precios'!D36 -> 120 | K30: =IF(N(I30)>0,MAX($K$1:K29)+1,"")
H31: ='Lista de Precios'!C37 -> Cuchillo Mantequilla Wolfen | I31: ='Lista de Precios'!B37 -> 0 | J31: ='Lista de Precios'!D37 -> 120 | K31: =IF(N(I31)>0,MAX($K$1:K30)+1,"")
H32: ='Lista de Precios'!C38 -> Tenedor Torta Wolfen | I32: ='Lista de Precios'!B38 -> 0 | J32: ='Lista de Precios'!D38 -> 120 | K32: =IF(N(I32)>0,MAX($K$1:K31)+1,"")
D33: =IF(MAX($K$2:$K$124)>12,"ATENCIÓN: hay "&MAX($K$2:$K$124)&" ítems con cantidad en Lista de Precios; sólo caben 12 en esta hoja.","") | H33: ='Lista de Precios'!C39 -> Cuchara Principal Sopera Wolfen | I33: ='Lista de Precios'!B39 -> 0 | J33: ='Lista de Precios'!D39 -> 120 | K33: =IF(N(I33)>0,MAX($K$1:K32)+1,"")
B34: SOCIEDAD VAJILLAS AGUALEF LTDA | D34: SUBTOTAL NETO | F34: =SUM(F8:F19)+SUM(F21:F26) -> 0 | H34: ='Lista de Precios'!C40 -> Copa Vino blanco Libbey 360ml | I34: ='Lista de Precios'!B40 -> 0 | J34: ='Lista de Precios'!D40 -> 130 | K34: =IF(N(I34)>0,MAX($K$1:K33)+1,"")
B35: BANCO BCI | D35: =IF(N(E35)>0,"DESCUENTO CLIENTE","") | F35: =IF(N(E35)>0,-F34*E35,"") | H35: ='Lista de Precios'!C41 -> Copa Vino tinto Libbey 480ml | I35: ='Lista de Precios'!B41 -> 0 | J35: ='Lista de Precios'!D41 -> 130 | K35: =IF(N(I35)>0,MAX($K$1:K34)+1,"")
B36: CUENTA CORRIENTE | D36: TRASLADO (ENTREGA Y RETIRO) | F36: ='Lista de Precios'!I72 -> 0 | H36: ='Lista de Precios'!C42 -> Copa Agua Libbey 580ml | I36: ='Lista de Precios'!B42 -> 0 | J36: ='Lista de Precios'!D42 -> 150 | K36: =IF(N(I36)>0,MAX($K$1:K35)+1,"")
B37: 46945164 | H37: ='Lista de Precios'!C43 -> Copa Flauta Libbey 190ml | I37: ='Lista de Precios'!B43 -> 0 | J37: ='Lista de Precios'!D43 -> 130 | K37: =IF(N(I37)>0,MAX($K$1:K36)+1,"")
B38: Rut 76484352-5 | D38: NETO | F38: =F34+N(F35)+N(F36) -> 0 | H38: ='Lista de Precios'!C44 -> Vaso Corto whisky 300ml | I38: ='Lista de Precios'!B44 -> 0 | J38: ='Lista de Precios'!D44 -> 100 | K38: =IF(N(I38)>0,MAX($K$1:K37)+1,"")
B39: vajillasaguayo@gmail.com | D39: IVA | F39: =F38*19% -> 0 | H39: ='Lista de Precios'!C45 -> Vaso Largo/Caña 300ml | I39: ='Lista de Precios'!B45 -> 0 | J39: ='Lista de Precios'!D45 -> 100 | K39: =IF(N(I39)>0,MAX($K$1:K38)+1,"")
B40: Contacto: 452342537 | D40: A PAGAR TOTAL | F40: =F38+F39 -> 0 | H40: ='Lista de Precios'!C46 -> Copa Multiuso postre 200ml | I40: ='Lista de Precios'!B46 -> 0 | J40: ='Lista de Precios'!D46 -> 200 | K40: =IF(N(I40)>0,MAX($K$1:K39)+1,"")
B41: 975418334 | D41: =IF(N(F41)>0,"ABONO","") | F41: ='Lista de Precios'!I77 -> 0 | H41: ='Lista de Precios'!C47 -> Copa Martini | I41: ='Lista de Precios'!B47 -> 0 | J41: ='Lista de Precios'!D47 -> 200 | K41: =IF(N(I41)>0,MAX($K$1:K40)+1,"")
D42: =IF(N(F41)>0,"SALDO","") | F42: =IF(N(F41)>0,F40-F41,"") | H42: ='Lista de Precios'!C48 -> Copas Color mesa novios | I42: ='Lista de Precios'!B48 -> 0 | J42: ='Lista de Precios'!D48 -> 350 | K42: =IF(N(I42)>0,MAX($K$1:K41)+1,"")
H43: ='Lista de Precios'!C49 -> Copa Flauta Normandie | I43: ='Lista de Precios'!B49 -> 0 | J43: ='Lista de Precios'!D49 -> 120 | K43: =IF(N(I43)>0,MAX($K$1:K42)+1,"")
H44: ='Lista de Precios'!C50 -> Copas Blanco Normandie | I44: ='Lista de Precios'!B50 -> 0 | J44: ='Lista de Precios'!D50 -> 120 | K44: =IF(N(I44)>0,MAX($K$1:K43)+1,"")
H45: ='Lista de Precios'!C51 -> Copa Tinto Normandie 220ml | I45: ='Lista de Precios'!B51 -> 0 | J45: ='Lista de Precios'!D51 -> 120 | K45: =IF(N(I45)>0,MAX($K$1:K44)+1,"")
H46: ='Lista de Precios'!C52 -> Vaso Cafeino (Postres) 100ml | I46: ='Lista de Precios'!B52 -> 0 | J46: ='Lista de Precios'!D52 -> 150 | K46: =IF(N(I46)>0,MAX($K$1:K45)+1,"")
H47: ='Lista de Precios'!C53 -> Vaso Tequila shot 100ml | I47: ='Lista de Precios'!B53 -> 0 | J47: ='Lista de Precios'!D53 -> 150 | K47: =IF(N(I47)>0,MAX($K$1:K46)+1,"")
H48: ='Lista de Precios'!C54 -> Botella vidrio 1000ml | I48: ='Lista de Precios'!B54 -> 0 | J48: ='Lista de Precios'!D54 -> 600 | K48: =IF(N(I48)>0,MAX($K$1:K47)+1,"")
H49: ='Lista de Precios'!C55 -> Jarro vidrio 1500ml (con mango) | I49: ='Lista de Precios'!B55 -> 0 | J49: ='Lista de Precios'!D55 -> 600 | K49: =IF(N(I49)>0,MAX($K$1:K48)+1,"")
H50: ='Lista de Precios'!C56 -> Balde hielo acero con pinzas | I50: ='Lista de Precios'!B56 -> 0 | J50: ='Lista de Precios'!D56 -> 1300 | K50: =IF(N(I50)>0,MAX($K$1:K49)+1,"")
H51: ='Lista de Precios'!C57 -> Pocillo Loza cuadrado 7x7Ø cm 2.5 alto | I51: ='Lista de Precios'!B57 -> 0 | J51: ='Lista de Precios'!D57 -> 100 | K51: =IF(N(I51)>0,MAX($K$1:K50)+1,"")
H52: ='Lista de Precios'!C58 -> Pocillo Loza redondo 7cmØ x 2cm alto | I52: ='Lista de Precios'!B58 -> 0 | J52: ='Lista de Precios'!D58 -> 100 | K52: =IF(N(I52)>0,MAX($K$1:K51)+1,"")
H53: ='Lista de Precios'!C59 -> Porta torta plateado | I53: ='Lista de Precios'!B59 -> 0 | J53: ='Lista de Precios'!D59 -> 2000 | K53: =IF(N(I53)>0,MAX($K$1:K52)+1,"")
H54: ='Lista de Precios'!C60 -> Alcuzas de loza 4 piezas | I54: ='Lista de Precios'!B60 -> 0 | J54: ='Lista de Precios'!D60 -> 800 | K54: =IF(N(I54)>0,MAX($K$1:K53)+1,"")
... H62: ='Lista de Precios'!C68 -> Caballetes para mesas | I62: ='Lista de Precios'!B68 -> 0 | J62: ='Lista de Precios'!D68 -> Sin costo | K62: =IF(N(I62)>0,MAX($K$1:K61)+1,"")
H63: ='Lista de Precios'!G8 -> Thermo 2L | I63: ='Lista de Precios'!F8 -> 0 | J63: ='Lista de Precios'!H8 -> 3500 | K63: =IF(N(I63)>0,MAX($K$1:K62)+1,"")
H64: ='Lista de Precios'!G9 -> Percolador eléctrico 16 Litros | I64: ='Lista de Precios'!F9 -> 0 | J64: ='Lista de Precios'!H9 -> 20000 | K64: =IF(N(I64)>0,MAX($K$1:K63)+1,"")
H65: ='Lista de Precios'!G10 -> Percolador eléctrico 10 Litros | I65: ='Lista de Precios'!F10 -> 0 | J65: ='Lista de Precios'!H10 -> 15000 | K65: =IF(N(I65)>0,MAX($K$1:K64)+1,"")
H66: ='Lista de Precios'!G11 -> Hervidor 10 litros | I66: ='Lista de Precios'!F11 -> 0 | J66: ='Lista de Precios'!H11 -> 15000 | K66: =IF(N(I66)>0,MAX($K$1:K65)+1,"")
H67: ='Lista de Precios'!G12 -> Panera mimbre | I67: ='Lista de Precios'!F12 -> 0 | J67: ='Lista de Precios'!H12 -> 500 | K67: =IF(N(I67)>0,MAX($K$1:K66)+1,"")
H68: ='Lista de Precios'!G13 -> Bowl redondo Loza Wolfen 23cmØ | I68: ='Lista de Precios'!F13 -> 0 | J68: ='Lista de Precios'!H13 -> 1700 | K68: =IF(N(I68)>0,MAX($K$1:K67)+1,"")
H69: ='Lista de Precios'!G14 -> Bowl cuadrado Loza Wolfen 24x24cm | I69: ='Lista de Precios'!F14 -> 0 | J69: ='Lista de Precios'!H14 -> 1700 | K69: =IF(N(I69)>0,MAX($K$1:K68)+1,"")
H70: ='Lista de Precios'!G15 -> Bandeja loza ovalada 34x25cm | I70: ='Lista de Precios'!F15 -> 0 | J70: ='Lista de Precios'!H15 -> 700 | K70: =IF(N(I70)>0,MAX($K$1:K69)+1,"")
H71: ='Lista de Precios'!G16 -> Bandeja loza rect. Mediana 40x23cm | I71: ='Lista de Precios'!F16 -> 0 | J71: ='Lista de Precios'!H16 -> 1000 | K71: =IF(N(I71)>0,MAX($K$1:K70)+1,"")
H72: ='Lista de Precios'!G17 -> Bandeja loza rect. Grande | I72: ='Lista de Precios'!F17 -> 0 | J72: ='Lista de Precios'!H17 -> 1300 | K72: =IF(N(I72)>0,MAX($K$1:K71)+1,"")
H73: ='Lista de Precios'!G18 -> Asadera de loza 35x25cm | I73: ='Lista de Precios'!F18 -> 0 | J73: ='Lista de Precios'!H18 -> 1500 | K73: =IF(N(I73)>0,MAX($K$1:K72)+1,"")
H74: ='Lista de Precios'!G19 -> Bandeja garzón antideslizante 46cmØ | I74: ='Lista de Precios'!F19 -> 0 | J74: ='Lista de Precios'!H19 -> 700 | K74: =IF(N(I74)>0,MAX($K$1:K73)+1,"")
... H94: ='Lista de Precios'!G39 -> Cenicero loza | I94: ='Lista de Precios'!F39 -> 0 | J94: ='Lista de Precios'!H39 -> 500 | K94: =IF(N(I94)>0,MAX($K$1:K93)+1,"")
H95: ='Lista de Precios'!#REF! -> #REF! | I95: ='Lista de Precios'!F40 -> 0 | J95: ='Lista de Precios'!#REF! -> #REF! | K95: =IF(N(I95)>0,MAX($K$1:K94)+1,"")
H96: ='Lista de Precios'!G41 -> Bowl acero inox cocina | I96: ='Lista de Precios'!F41 -> 0 | J96: ='Lista de Precios'!H41 -> 2000 | K96: =IF(N(I96)>0,MAX($K$1:K95)+1,"")
H97: ='Lista de Precios'!G40 -> Salero/pimentero loza | I97: ='Lista de Precios'!F42 -> 0 | J97: ='Lista de Precios'!H40 -> 150 | K97: =IF(N(I97)>0,MAX($K$1:K96)+1,"")
H98: ='Lista de Precios'!G43 -> Asadera de acero inox | I98: ='Lista de Precios'!F43 -> 0 | J98: ='Lista de Precios'!H43 -> 2000 | K98: =IF(N(I98)>0,MAX($K$1:K97)+1,"")
H99: ='Lista de Precios'!G44 -> Salsera loza | I99: ='Lista de Precios'!F44 -> 0 | J99: ='Lista de Precios'!H44 -> 2000 | K99: =IF(N(I99)>0,MAX($K$1:K98)+1,"")
H100: ='Lista de Precios'!G45 -> Azucarero acero | I100: ='Lista de Precios'!F45 -> 0 | J100: ='Lista de Precios'!H45 -> 600 | K100: =IF(N(I100)>0,MAX($K$1:K99)+1,"")
H101: ='Lista de Precios'!G46 -> Réchaud rect. grande 2 alcohol | I101: ='Lista de Precios'!F46 -> 0 | J101: ='Lista de Precios'!H46 -> 15000 | K101: =IF(N(I101)>0,MAX($K$1:K100)+1,"")
H102: ='Lista de Precios'!G47 -> Cafetera acero 2L | I102: ='Lista de Precios'!F47 -> 0 | J102: ='Lista de Precios'!H47 -> 2000 | K102: =IF(N(I102)>0,MAX($K$1:K101)+1,"")
H103: ='Lista de Precios'!G48 -> Silla Americana blanca | I103: ='Lista de Precios'!F48 -> 0 | J103: ='Lista de Precios'!H48 -> 1450 | K103: =IF(N(I103)>0,MAX($K$1:K102)+1,"")
H104: ='Lista de Precios'!G49 -> Sillas Chiavary blanca | I104: ='Lista de Precios'!F49 -> 0 | J104: ='Lista de Precios'!H49 -> 2000 | K104: =IF(N(I104)>0,MAX($K$1:K103)+1,"")
H105: ='Lista de Precios'!G50 -> Sillas Chiavary doradas | I105: ='Lista de Precios'!F50 -> 0 | J105: ='Lista de Precios'!H50 -> 2200 | K105: =IF(N(I105)>0,MAX($K$1:K104)+1,"")
H106: ='Lista de Precios'!G51 -> Sillas Crossback | I106: ='Lista de Precios'!F51 -> 0 | J106: ='Lista de Precios'!H51 -> 3000 | K106: =IF(N(I106)>0,MAX($K$1:K105)+1,"")
H107: ='Lista de Precios'!G52 -> Silla Plegable negra | I107: ='Lista de Precios'!F52 -> 0 | J107: ='Lista de Precios'!H52 -> 950 | K107: =IF(N(I107)>0,MAX($K$1:K106)+1,"")
H108: ='Lista de Precios'!G53 -> Cojines sillas Blancos/Negros | I108: ='Lista de Precios'!F53 -> 0 | J108: ='Lista de Precios'!H53 -> Incluido | K108: =IF(N(I108)>0,MAX($K$1:K107)+1,"")
H109: ='Lista de Precios'!G54 -> Mesa novio rect. vestida | I109: ='Lista de Precios'!F54 -> 0 | J109: ='Lista de Precios'!H54 -> 15000 | K109: =IF(N(I109)>0,MAX($K$1:K108)+1,"")
... H124: ='Lista de Precios'!G69 -> Estufa Bronce a gas | I124: ='Lista de Precios'!F69 -> 0 | J124: ='Lista de Precios'!H69 -> 20000 | K124: =IF(N(I124)>0,MAX($K$1:K123)+1,"")

Sheet Valores reposición
B1: SOCIEDAD VAJILLAS AGUALEF LTDA | D1: RUT 76.484.352-5 | G1: DIRECCIÓN AV FRANCISCO SALAZAR 850 | H1: VAJILLASAGUAYO@GMAIL.COM
D2: LISTA DE REPOSICIÓN 2025-2026
G3: RUT :
G4: TELEFONO:
G5: OCUPA FECHA
G6: FECHA DE DEVOLUCIÓN/RETIRO
B7: Cant. | C7: Detalle | D7: Valor unidad | E7: Valor total | F7: Cant. | G7: Detalle | H7: Valor unidad | I7: Valor total
C8: Plato Base Cuadrado 32cm☐ | D8: 4200 | E8: =B8*D8 -> 0 | G8: Thermo 2L | H8: 35990 | I8: =F8*H8 -> 0
C9: Plato Principal Cuadrado 27cm☐ | D9: 3800 | E9: =B9*D9 -> 0 | G9: Percolador eléctrico 16 Litros | H9: 270000 | I9: =F9*H9 -> 0
C10: Plato Postre Cuadrado 25 cm☐ | D10: 3400 | E10: =B10*D10 -> 0 | G10: Percolador eléctrico 10 Litros | H10: 170000 | I10: =F10*H10 -> 0
C11: Plato Entrada/torta Cuadrado 19cm☐ | D11: 2900 | E11: =B11*D11 -> 0 | G11: Botella aceite 120ml | H11: 1700 | I11: =H11*F11 -> 0
C12: Plato Pan Cuadrado 14cm☐ | D12: 2500 | E12: =B12*D12 -> 0 | G12: Jarrita loza 120 ml | H12: 1700 | I12: =F12*H12 -> 0
C13: Plato Base Redondo 32cmØ | D13: 6500 | E13: =B13*D13 -> 0 | G13: Panera mimbre | H13: 6500 | I13: =H13*F13 -> 0
C14: Plato Principal Redondo 27cmØ | D14: 3800 | E14: =B14*D14 -> 0 | G14: Bandeja loza rect. Mediana 40x23cm | H14: 6990 | I14: =F14*H14 -> 0
C15: Plato Entrada/torta Redondo 19cmØ | D15: 2700 | E15: =B15*D15 -> 0 | G15: Bandeja loza ovalada 36x25cm | H15: 4990 | I15: =F15*H15 -> 0
C16: Plato Pan/servilleta Redondo 15cmØ | D16: 2100 | E16: =B16*D16 -> 0 | G16: Bandeja loza rect. Grande 46X31cm | H16: 7990 | I16: =F16*H16 -> 0
C17: Plato Hondo Redondo Pasta 27cmØ | D17: 3800 | E17: =B17*D17 -> 0 | G17: Bowl cuadrado chico/ redondo 23x23cm | H17: 4950 | I17: =F17*H17 -> 0
C18: Plato Sushi Rectangular 30x12cm☐ | D18: 3690 | E18: =B18*D18 -> 0 | G18: Bandeja garzón antideslizante 46cm | H18: 6050 | I18: =F18*H18 -> 0
C19: Plato Base Dorado 32cmØ | D19: 4300 | E19: =B19*D19 -> 0 | G19: Plato Café/te | H19: 1350 | I19: =F19*H19 -> 0
C20: Compotera Loza chica 9.5cmØ x 4.5cm alto | D20: 2500 | E20: =B20*D20 -> 0 | G20: Taza consomé | H20: 2600 | I20: =F20*H20 -> 0
C21: Compotera Loza grande 11cmØ x 5.5cm alto | D21: 3400 | E21: =B21*D21 -> 0 | G21: Taza café 100ml | H21: 1350 | I21: =F21*H21 -> 0
C22: Tenaza Ensalada | D22: 2980 | E22: =B22*D22 -> 0 | G22: Taza te 210ml | H22: 1550 | I22: =F22*H22 -> 0
C23: Cuchara Ensalada | D23: 2100 | E23: =B23*D23 -> 0 | G23: Mantel rodondo blanco | H23: 15000 | I23: =F23*H23 -> 0
C24: Cuchara Loza/acero coctail | D24: 700 | E24: =B24*D24 -> 0 | G24: Mantel rect. negro 4x2.2m | H24: 15000 | I24: =F24*H24 -> 0
C25: Cuchillo Carne Wolfen | D25: 2200 | E25: =B25*D25 -> 0 | G25: Faldín blanco 6m | H25: 25000 | I25: =F25*H25 -> 0
... C35: Cuchara Café Wolfen | D35: 750 | E35: =B35*D35 -> 0 | G35: Mantel spandex rect. | H35: 12990 | I35: =F35*H35 -> 0
C36: Cuchillo Mantequilla Wolfen | D36: 850 | E36: =D36*B36 -> 0 | G36: Lazo colores | H36: 4000 | I36: =F36*H36 -> 0
C37: Tenedor Torta Wolfen | D37: 1650 | E37: =B37*D37 -> 0 | G37: Asadera aluminio | H37: 54990 | I37: =F37*H37 -> 0
C38: Cuchara Principal Sopera Wolfen | D38: 1700 | E38: =B38*D38 -> 0 | G38: Cenicero loza | H38: 2990 | I38: =F38*H38 -> 0
C39: Copa Vino blanco Libbey 360ml | D39: 1950 | E39: =B39*D39 -> 0 | G39: Hielera vidrio c/ tenaza | H39: 12590 | I39: =F39*H39 -> 0
C40: Copa Vino tinto Libbey 480ml | D40: 2000 | E40: =B40*D40 -> 0 | G40: Dispensador jugo | H40: 119990 | I40: =F40*H40 -> 0
C41: Copa Agua Libbey 580ml | D41: 2050 | E41: =B41*D41 -> 0 | G41: Salero/pimentero loza | H41: 1100 | I41: =F41*H41 -> 0
C42: Copa Flauta Libbey 190ml | D42: 1650 | E42: =B42*D42 -> 0 | G42: Florero | H42: 3000 | I42: =F42*H42 -> 0
C43: Vaso Corto whisky 300ml | D43: 950 | E43: =B43*D43 -> 0 | G43: Salsera loza | H43: 2990 | I43: =F43*H43 -> 0
C44: Vaso Largo/Caña 300ml | D44: 1100 | E44: =B44*D44 -> 0 | G44: Azucarero acero | H44: 8990 | I44: =F44*H44 -> 0
C45: Copa Multiuso postre 200ml | D45: 2100 | E45: =B45*D45 -> 0 | G45: Richaud rect. grande alcohol | H45: 184990 | I45: =F45*H45 -> 0
C46: Copa Martiny | D46: 2100 | E46: =B46*D46 -> 0 | G46: Cafetera acero 2L | H46: 14000 | I46: =F46*H46 -> 0
C47: Copas Color mesa novios | D47: 4300 | E47: =B47*D47 -> 0 | G47: Arrocera aluminio | H47: 71000 | I47: =F47*H47 -> 0
C48: Copa Flauta Normandie | D48: 3600 | E48: =B48*D48 -> 0 | G48: Sillas chivary blanca cojiín blanco | H48: 30000 | I48: =F48*H48 -> 0
... C52: Vaso Tequila shot | D52: 665 | E52: =B52*D52 -> 0 | G52: Mesa rectang.150x90 cm | H52: 30000 | I52: =F52*H52 -> 0
C53: Copita Cocktail | D53: 2400 | E53: =B53*D53 -> 0 | G53: Mesa novio rect. vestida | I53: =F53*H53 -> 0
C54: Botella/Jarro vidrio 1000ml | D54: 1500 | E54: =B54*D54 -> 0 | G54: Mesa redonda 8 a 10 personas | H54: 25000 | I54: =F54*H54 -> 0
C55: Balde hielo acero | D55: 1600 | E55: =B55*D55 -> 0 | G55: Mesa coctail alta pleg. 110x80cm | H55: 39990 | I55: =F55*H55 -> 0
C56: Pocillo Loza cuadrado 7x7Ø cm 2.5 alto | D56: 950 | E56: =B56*D56 -> 0 | G56: Mesa rectangular 250x80cm | H56: 25000 | I56: =F56*H56 -> 0
C57: Pocillo Loza redondo 7cmØ x 2cm alto | D57: 3200 | E57: =B57*D57 -> 0 | G57: Mesa cuadrada 80x80 cm | H57: 15000 | I57: =F57*H57 -> 0
C58: Porta Sachet | D58: 1500 | E58: =B58*D58 -> 0 | G58: Mesa rústica madera 150x150 cm | H58: 100000 | I58: =F58*H58 -> 0
C59: Alcuzas 5 piezas | D59: 4500 | E59: =B59*D59 -> 0 | G59: Horno sin gas | H59: 300000 | I59: =F59*H59 -> 0
C60: Paleta Torta | D60: 1900 | E60: =B60*D60 -> 0 | G60: Visicoolers | H60: 380000 | I60: =F60*H60 -> 0
C61: Pocillo Sufletero grande 8cmØ. 4,5cm Alto | D61: 1700 | E61: =B61*D61 -> 0 | G61: Conservadora eléctrica | H61: 430000 | I61: =F61*H61 -> 0
C62: Pocillo Sufletero mediano 6,5cmØ. 4cm Alto | D62: 1400 | E62: =B62*D62 -> 0 | G62: Hielera cervezas | H62: 53000 | I62: =F62*H62 -> 0
C63: Pocillo Sufletero chico 7,5cmØ. 3cm Alto | D63: 1400 | E63: =B63*D63 -> 0 | G63: Tabla madera grande | H63: 10000 | I63: =F63*H63 -> 0
B64: =(F56*2+F57+F54+F52+F53*2) -> 0 | C64: Pernos para mesas | D64: 1000 | E64: =B64*D64 -> 0 | G64: Pilon doble sin gas | H64: 250000 | I64: =F64*H64 -> 0
G65: Pancho c/ parrila | H65: 45000 | I65: =F65*H65 -> 0
B66: WWW.VAJILLASAGUAYO.COM | G66: REPOSICIÓN NETO | I66: =SUM(E8:E64,I8:I65) -> 0
B67: FONO 45 2 342537 TEMUCO
G68: TOTAL REPOSICIÓN | I68: =I66+I67 -> 0
G70: GARANTÍA CLIENTE | I70: 50000
G71: TOTAL DEVOLUCION GARANTÍA | I71: =I70-I68 -> 50000
B73: VAJILLASAGUAYO@GMAIL.COM | D73: FIRMA ––––––––––––––––

Sheet OTRAS CLAUSULAS
C2: OTRAS CLAUSULAS IMPORTANTES
C4: Al suspender el evento por causas ajenas a la empresa no se devolverán valores anticipados
C6: Modificación de fechas: éstas se pueden hacer con a lo menos 30 días de anticipación.
C8: En el caso de devolución en nuestro local, y pasada la fecha se entrega conversada
C9: se aplicará un cargo de un 30% diario del valor total por cada día adicional.
C11: Todos los productos se entregarán en rack, ya sea de Terciado u otro material,
C12: los cuales deben ser entregados de la misma manera que el cliente los recibió.
C13: ( no es mi ánimo incomodar, pero a pasado que muchas veces los cajones vienen mojados
C14: o con barro, el cual perjudica mucho nuestro trabajo ).
C19: Todos los pedidos se harán entrega en hoarios de oficina ( consultar en oficina, ya que
C20: puede variar según sea la temporada del año ).
C26: Es responsabilidad del cliente, comprobar en terreno la entrega de todos los materiales
... C36: FIRMA CLIENTE
